 Dungeon Crawl Stone Soup version 0.23.0 (webtiles) character file.

Game seed: 12485339437796417762

331 Masnef the Sneak (level 6, -1/37 HPs)
             Began as a Deep Elf Monk on Feb 11, 2019.
             Was a Believer of Sif Muna.
             Killed by nerve-wracking pain
             ... invoked by an orc priest
              (11 damage)
             ... on level 4 of the Dungeon.
             The game lasted 00:18:31 (6008 turns).

Masnef the Sneak (Deep Elf Monk)                    Turns: 6008, Time: 00:18:32

Health: -1/37      AC:  3    Str:  8    XL:     6   Next: 26%
Magic:  9/9        EV: 15    Int: 23    God:    Sif Muna [**....]
Gold:   166        SH:  0    Dex: 17    Spells: 6/6 levels left

rFire    . . .     SeeInvis .   a - +1 short sword
rCold    . . .     Gourm    .   (no shield)
rNeg     . . .     Faith    .   b - +0 robe
rPois    .         Spirit   .   (no helmet)
rElec    .         Reflect  .   o - +0 cloak
rCorr    .         Harm     .   (no gloves)
MR       .....                  (no boots)
Stlth    ++++......             (no amulet)
HPRegen  0.12/turn              f - ring of stealth
MPRegen  0.11/turn              e - +6 ring of intelligence

@: no status effects
A: no striking features
a: Divine Energy, Renounce Religion


You were on level 4 of the Dungeon.
You worshipped Sif Muna.
Sif Muna was pleased with you.
You were not hungry.

You visited 1 branch of the dungeon, and saw 4 of its levels.

You collected 166 gold pieces.

Inventory:

Hand Weapons
 a - a +1 short sword (weapon)
Missiles
 k - 88 stones (quivered)
 l - 38 arrows
 n - 18 poisoned needles
 p - 6 javelins
Armour
 b - a +0 robe (worn)
 o - a +0 cloak (worn)
Magical Staves
 x - an uncursed staff of cold
Jewellery
 d - an uncursed ring of positive energy
 e - a +6 ring of intelligence (right hand)
 f - a ring of stealth (left hand)
 h - an uncursed ring of protection from magic
 t - an uncursed ring of protection from cold
 w - a cursed ring of attention {unknown}
Scrolls
 g - a scroll of enchant armour {unknown}
 m - a scroll of enchant weapon
 r - a scroll of blinking
 s - a scroll of teleportation {unknown}
 v - a scroll of magic mapping {unknown}
Potions
 i - a potion of agility
 q - 2 potions of brilliance
Comestibles
 c - 8 rations
 j - 7 chunks of flesh


   Skills:
 + Level 3.0 Fighting
 - Level 5.0 Short Blades
 + Level 4.6 Dodging
 - Level 5.2 Stealth
 * Level 0.7 Spellcasting


You had 6 spell levels left.
You didn't know any spells.
Your spell library was empty.

Dungeon Overview and Level Annotations

Branches:
Dungeon (4/15)
 Temple: D:4-7

Altars:
Dithmenos
Sif Muna

Shops:
D:4 %

Annotations:
D:3 exclusion: orc wizard


Message History

You barely miss the orc priest. You hit the orc priest.
The orc priest is lightly wounded.
The orc priest hits you but does no damage.
You hit the orc priest.
The orc priest is moderately wounded.
The orc priest hits you.
You hit the orc priest.
The orc priest is heavily wounded.
The orc priest hits you.
You hit the orc priest.
The orc priest is severely wounded.
The orc priest mumbles some strange prayers to Beogh against you.
Beogh smites you!
* * * LOW HITPOINT WARNING * * *
You barely miss the orc priest.
The orc priest is severely wounded.
The orc priest mumbles some strange prayers to Beogh against you.
Pain shoots through your body!
You die...

#$###.≈.≈........###.
#.# #≈≈.≈≈.......# #.
##.###≈≈∩≈≈.......# #.
#...##≈≈≈≈≈.......###.
##.###.≈≈≈........##..
##.###.###........##..
#..............#####..
###.######.....# ##.
#.o@.......... ....
#)######...... ....
#.....# ... ....
#.###o# . #### #.. ###


You could see an orc priest.

Vanquished Creatures
  A howler monkey (D:4)
  A crimson imp (D:3)
  An orc priest (D:2)
  An orc wizard (D:4)
  An iguana (D:4)
  6 adders
  6 worms
  A leopard gecko (D:4)
  9 orcs
  14 giant cockroaches
  5 goblins
  6 hobgoblins
  14 jackals
  7 bats
  3 frilled lizards
  7 kobolds
  11 rats
94 creatures vanquished.

Notes
Turn   | Place    | Note
-------+----------+-------------------------------------------
     0 | D:1      | Masnef the Deep Elf Monk began the quest for the Orb.
     0 | D:1      | Reached XP level 1. HP: 13/13 MP: 3/3
   185 | D:1      | Reached XP level 2. HP: 14/18 MP: 4/4
  1246 | D:2      | Reached XP level 3. HP: 22/22 MP: 5/5
  1304 | D:2      | Reached skill level 5 in Stealth
  2160 | D:2      | Reached XP level 4. HP: 12/27 MP: 6/6
  3570 | D:3      | Reached XP level 5. HP: 31/31 MP: 7/7
  3867 | D:3      | Found a deep blue altar of Sif Muna.
  5014 | D:3      | Became a worshipper of Sif Muna the Loreminder
  5014 | D:3      | Reached * piety under Sif Muna
  5014 | D:3      | Reached ** piety under Sif Muna
  5539 | D:4      | Reached XP level 6. HP: 37/37 MP: 8/8
  5569 | D:4      | Found a shadowy altar of Dithmenos.
  5856 | D:4      | Found Ehostrayl's Food Shoppe.
  5979 | D:4      | Reached skill level 5 in Short Blades
  6008 | D:4      | Killed from afar by an orc priest

Skill      XL: |  1  2  3  4  5  6 |
---------------+-------------------+-----
Stealth        | 3 4 5 |  5.2
Dodging        | 4 |  4.6
Short Blades   | 4 5 |  5.0
Fighting       | 3 |  3.0
Spellcasting   | |  0.7

Action                   |  1- 3 |  4- 6 || total
-------------------------+-------+-------++-------
Melee: Short sword       |   161 |   369 ||   530
Throw: Stone             |     5 |    26 ||    31
  Use: Scroll            |     1 |     4 ||     5
       Potion            |       |     7 ||     7
 Stab: Sleeping          |    11 |     8 ||    19
       Invisible         |       |     2 ||     2
       Distracted        |       |     1 ||     1
  Eat: Chunk             |     4 |     6 ||    10
       Ration            |       |     2 ||     2
Armor: Robe              |    28 |    52 ||    80
Dodge: Dodged            |   112 |   225 ||   337
